 Dungeon Crawl Stone Soup version 0.18.1-1-g2f07953 (webtiles) character file.

427 Steelers13 the Shield-Bearer (level 6, -7/53 HPs)
             Began as a Minotaur Fighter on May 31, 2016.
             Killed by divine providence
             ... invoked by an orc priest
              (14 damage)
             ... on level 4 of the Dungeon.
             The game lasted 00:28:54 (4986 turns).

Steelers13 the Shield-Bearer (Minotaur Fighter)     Turns: 4986, Time: 00:28:55

Health: -7/53      AC: 15    Str: 22    XL:     6   Next: 65%
Magic:  5/5        EV:  5    Int:  5    God:
Gold:   102        SH: 10    Dex: 10    Spells: 0 memorised, 5 levels left

rFire  . . .     SeeInvis .     a - +0 long sword
rCold  . . .     Gourm    .     N - +0 plate armour
rNeg   . . .     Faith    .     c - +0 shield
rPois  .         Spirit   .     (helmet restricted)
rElec  .         Dismiss  .     (no cloak)
rCorr  +         Reflect  .     (no gloves)
SustAt .         Harm     .     (no boots)
MR     .....                    (no amulet)
Stlth  ..........               g - +3 ring of protection
                                l - ring of resist corrosion

@: lethally poisoned (-7 -> -9), not resistant to hostile enchantments,
extremely unstealthy
A: retaliatory headbutt, horns 2
a: no special abilities


You were on level 4 of the Dungeon.
You were not hungry.

You visited 1 branch of the dungeon, and saw 4 of its levels.

You collected 102 gold pieces.

Inventory:

Hand Weapons
 a - a +0 long sword (weapon)
 f - a +0 falchion
 G - a +0 short sword
 H - a +0 blowgun
 L - a +0 halberd
Missiles
 e - 4 javelins (quivered)
 I - 6 poisoned needles
Armour
 c - a +0 shield (worn)
 J - a +0 robe
 N - a +0 plate armour (worn)
Jewellery
 g - a +3 ring of protection (right hand)
 l - a ring of resist corrosion (left hand)
Wands
 m - a wand of iceblast (10/15)
Scrolls
 p - a scroll of remove curse {unknown}
 s - a scroll of magic mapping {unknown}
 u - a scroll of enchant armour {unknown}
 v - a scroll of noise {unknown}
 z - a scroll of immolation {unknown}
 C - a scroll of identify {unknown}
 E - a scroll of amnesia {unknown}
Potions
 b - 2 potions of cure mutation {unknown}
 d - a potion of might
 h - a potion of heal wounds {unknown}
 i - a potion of haste {unknown}
 j - 2 potions of lignification {unknown}
 o - a potion of degeneration {unknown}
 t - a potion of resistance {unknown}
 w - a potion of mutation {unknown}
 D - a potion of flight {unknown}
Books
 B - a book of Transfigurations

   Spells                             Type                      Level
   a - Irradiate                      Conjuration/Transmutation    5
   b - Statue Form                    Transmutation/Earth          6
   c - Hydra Form                     Transmutation                6
   d - Dragon Form                    Transmutation                7
Comestibles
 k - 4 beef jerkies
 r - a royal jelly
 K - 2 chunks of flesh
 M - 2 bread rations


   Skills:
 + Level 4.7 Fighting
 + Level 4.1 Long Blades
 + Level 5.2 Armour
 + Level 2.6 Dodging
 + Level 0.1 Stealth
 + Level 5.9 Shields


You had 5 spell levels left.
You didn't know any spells.

Dungeon Overview and Level Annotations

Branches:
Dungeon (4/15)
 Temple: D:4-7

Altars:
Kikubaaqudgha
Sif Muna


Innate Abilities, Weirdness & Mutations

You reflexively headbutt those who attack you in melee.
You have a pair of horns on your head.


Message History

The adder skeleton completely misses you.
You furiously retaliate!
You headbutt the adder skeleton. Something hits you but does no damage.
The orc priest hits you but does no damage.
You feel sick.
The scorpion stings you but does no damage.
The orc priest hits you but does no damage.
Found a scroll labeled OXKION BYRA.
You feel sick. Something completely misses you.
You see here a spear.
You feel sick. Something hits you but does no damage.
Something hits you but does no damage. Something hits you but does no damage.
You feel sick. Something hits you but does no damage.
You feel sick.
The scorpion stings you but does no damage.
The orc priest calls down the wrath of Beogh upon you.
Beogh smites you!
You die...

#.# #..# # ...
##..# # #.# #...# #
#.# # #..## # #.#
#.# #..# #
##.#####.###..# #
#..oZ...%..##.# #
#.s###)#.#.##.####
#@.###...#.##.....
#........#.##.....
#.####...#.#......
#.#...............
?..................
##.#.##.###.##.....
#.#?.... #.##.....
#...Z#.# #.##.####
..s.... ..##.####


You could see a scorpion, an orc priest and an adder skeleton.

Vanquished Creatures
  An ogre (D:4)
  A gnoll shaman (D:4)
  2 orc wizards
  An orc priest (D:3)
  Jessica (D:2)
  Ijyb (D:3)
  4 gnolls (D:4)
  4 adders
  An ooze (D:1)
  3 giant geckos
  7 orcs
  8 bats
  5 giant cockroaches
  13 goblins
  6 hobgoblins
  3 jackals (D:1)
  11 kobolds
  2 quokkas (D:3)
  2 ball pythons (D:2)
  A ball python skeleton (D:4)
  4 giant newts
  5 rats
86 creatures vanquished.

Notes
Turn   | Place    | Note
--------------------------------------------------------------
     0 | D:1      | Steelers13 the Minotaur Fighter began the quest for the Orb.
     0 | D:1      | Reached XP level 1. HP: 19/19 MP: 0/0
    76 | D:1      | Reached XP level 2. HP: 22/27 MP: 1/1
   615 | D:1      | Reached skill level 1 in Dodging
   796 | D:1      | Reached XP level 3. HP: 33/33 MP: 2/2
  1878 | D:2      | Found an ancient bone altar of Kikubaaqudgha.
  1942 | D:2      | Reached XP level 4. HP: 40/40 MP: 3/3
  2084 | D:2      | Noticed Jessica
  2105 | D:2      | Killed Jessica
  2605 | D:3      | Noticed Ijyb
  2632 | D:3      | Killed Ijyb
  2666 | D:3      | Found a deep blue altar of Sif Muna.
  2712 | D:3      | Reached XP level 5. HP: 36/46 MP: 4/4
  2723 | D:3      | Reached skill level 5 in Shields
  4391 | D:3      | Reached skill level 5 in Armour
  4527 | D:4      | Reached XP level 6. HP: 44/52 MP: 5/5
  4986 | D:4      | Killed from afar by an orc priest

Skill      XL: |  1  2  3  4  5  6 |
---------------+-------------------+-----
Armour         | 4 5 |  5.2
Shields        | 4 5 |  5.9
Dodging        | 1 2 |  2.6
Fighting       | 4 |  4.7
Long Blades    | 3 4 |  4.1
Stealth        | |  0.1

Action                   |  1- 3 |  4- 6 || total
-------------------------+-------+-------++-------
Melee: Long sword        |   106 |   155 ||   261
       Headbutt          |     9 |    20 ||    29
  Eat: Chunk             |     2 |     3 ||     5
       Bread ration      |     1 |     1 ||     2
Armor: Scale mail        |    88 |       ||    88
       Chain mail        |    16 |   124 ||   140
       Plate armour      |       |    23 ||    23
Dodge: Dodged            |    72 |    66 ||   138
Block: Shield            |   113 |   130 ||   243
